 Dungeon Crawl Stone Soup version 0.29.0-4-gdea44cf6ec (webtiles) character file.

Game seed: 34088340988698782

3074 qw the Grappler (level 9, -3/84 HPs)
             Began as a Troll Cinder Acolyte on Aug 31, 2022.
             Was a Priest of Ignis.
             Slain by an orc warrior
             ... wielding a +0 halberd
              (20 damage)
             ... on level 7 of the Dungeon.
             The game lasted 00:03:00 (5762 turns).

qw the Grappler (Troll Cinder Acolyte)              Turns: 5762, Time: 00:03:00

Health: -3/84      AC:  6    Str: 28    XL:     9   Next: 58%
Magic:  9/9        EV:  9    Int: 10    God:    Ignis [***...]
Gold:   278        SH:  0    Dex:  5    Spells: 10/10 levels left

rFire   + . .      SeeInvis .     - Unarmed
rCold   . . .      Faith    .   (no shield)
rNeg    . . .      Spirit   .   a - +0 robe
rPois   .          Reflect  .   j - +2 hat
rElec   .          Harm     .   (no cloak)
rCorr   .          Rampage  .   (gloves unavailable)
Will    .....                   (boots unavailable)
Stlth   +.........              (no amulet)
HPRegen 1.04/turn               (no ring)
MPRegen 0.11/turn               (no ring)

@: no status effects
A: large, unfitting armour, claws 3, regeneration 1, shaggy fur 1, tough skin 1
a: Renounce Religion, Fiery Armour, Foxfire Swarm, Rising Flame


You were on level 7 of the Dungeon.
You worshipped Ignis.
Ignis was most pleased with you.
You visited 1 branch of the dungeon, and saw 7 of its levels.

You collected 278 gold pieces.


Innate Abilities, Weirdness & Mutations

You are too large for most types of armour.
You have claws for hands.
Your natural rate of healing is unusually fast.
You are covered in fur. (AC +1)
You have tough skin. (AC +1)


   Skills:
 + Level 4.2 Fighting
 - Level 4.1 Throwing
 - Level 1.3 Dodging
 - Level 12.0 Unarmed Combat
 - Level 1.0 Spellcasting
 - Level 2.1 Fire Magic


You had 10 spell levels left.
You didn't know any spells.
Your spell library contained the following spells:

 Spells                   Type           Power      Damage    Failure   Level
 Scorch                   Fire           8%         2d5       22%         2

Inventory:

Missiles
 g - 11 boomerangs (quivered)
 m - a large rock
Armour
 a - a +0 robe (worn)
 b - +0 steam dragon scales
 j - a +2 hat (worn)
Scrolls
 c - 4 scrolls of identify
 f - 4 scrolls of enchant weapon
 n - a scroll of enchant armour
Potions
 d - 2 potions of haste
 e - 4 potions of curing
 i - a potion of mutation
 l - a potion of cancellation

Dungeon Overview and Level Annotations

Branches:
Dungeon (7/15)             Temple (0/1) D:5

Altars:
Cheibriados
Dithmenos
Elyvilon
Gozag
Hepliaklqana
Kikubaaqudgha
Makhleb
Okawaru
Yredelemnul
Zin
The Shining One

Shops:
D:6 (

Portals:
Bailey: D:7


Message History

You hear the quick creaking of a very distant portcullis.
You scratch the orc warrior but do no damage.
The orc barely misses you.
The orc warrior drinks a potion.
The orc warrior flickers and vanishes!
You scratch the orc but do no damage. The orc hits you with a +0 club.
You scratch the orc.
The orc is lightly wounded.
Something hits you!
You mangle the orc!!
You kill the orc!
Something hits you!
You barely miss something. Something hits you but does no damage.
You hear a zap.
A puff of flame appears from out of thin air!
The puff of flame hits you. You resist.
You claw something! Something hits you.
You claw something!
Reactivating autopickup.
You feel a bit more experienced. Something hits you.
Deactivating autopickup; reactivate with Ctrl-A.
You closely miss something. Something hits you!
You closely miss something.
You hear a zap.
A puff of flame appears from out of thin air!
The puff of flame hits you. You resist.
You closely miss something. Something hits you.
You scratch something but do no damage. Your claw misses something.
You barely miss something. Something hits you but does no damage.
You scratch something but do no damage. Something hits you!
You barely miss something. Your claw misses something. Something hits you!!
You die...

#.#.########.# #..####..
# #........# #........
#.######## ##.####.# #.#
#.# #.# #.#
##########.####.#
#.####.>..............
#.....................
#.######.########.#####.
......)@.# # #.
#.....){.....# #.
############... ## #


There were no monsters in sight!

Vanquished Creatures
  Pikel (D:6)
  2 steam dragons
  Menkaure (D:6)
  2 ice beasts (D:7)
  An ogre (D:5)
  A centaur (D:6)
  3 phantoms
  4 lemures (D:6)
  Blork the orc (D:5)
  3 bullfrogs
  3 necrophages (D:5)
  A scorpion (D:7)
  3 wights (D:7)
  A crimson imp (D:5)
  A quasit (D:7)
  6 hounds
  2 orc priests
  2 jellies (D:5)
  Ijyb (D:3)
  A gnoll bouda (D:4)
  4 iguanas
  3 orc wizards
  A hound zombie (D:3)
  9 gnolls
  9 adders
  3 shadow imps (D:7)
  4 white imps
  8 ufetubi
  2 adder zombies (D:3)
  2 dart slugs
  25 orcs
  7 ball pythons
  6 bats
  8 endoplasms
  6 giant cockroaches (D:3)
  4 hobgoblins
  8 kobolds
  9 quokkas
  2 frilled lizards
  12 goblins
  3 rats
175 creatures vanquished.

Vanquished Creatures (others)
  A demonic plant (D:7)
1 creature vanquished.

Grand Total: 176 creatures vanquished

Notes
Turn   | Place    | Note
-------+----------+-------------------------------------------
     0 | D:1      | qw the Troll Cinder Acolyte began the quest for the Orb.
     0 | D:1      | Reached XP level 1. HP: 22/22 MP: 1/1
     0 | D:1      | 0 ||| qw: Version: 0.1-a-97-g2dd2ca4
     0 | D:1      | 0 ||| qw: Game counter: 4578
     0 | D:1      | 0 ||| qw: Always use a shield: true
     0 | D:1      | 0 ||| qw: God list: Okawaru
     0 | D:1      | 0 ||| qw: Allow faded altars: false
     0 | D:1      | 0 ||| qw: Do Orc after D:15 true
     0 | D:1      | 0 ||| qw: Do second Lair branch before Depths: true
     0 | D:1      | 0 ||| qw: Lair rune preference: random
     0 | D:1      | 0 ||| qw: Plans: Normal
     0 | D:1      | 0 ||| PLANNING D:1-11
    14 | D:1      | 14 ||| Stepping ~*~*~tactically~*~*~ (stealth).
    16 | D:1      | 16 ||| Stepping ~*~*~tactically~*~*~ (stealth).
    22 | D:1      | 22 ||| Stepping ~*~*~tactically~*~*~ (stealth).
   105 | D:1      | Reached XP level 2. HP: 29/29 MP: 2/2
   116 | D:1      | 116 ||| Stepping ~*~*~tactically~*~*~ (hiding).
   364 | D:1      | Found a faded altar of an unknown god.
   408 | D:1      | 408 ||| Stepping ~*~*~tactically~*~*~ (stealth).
   710 | D:1      | Reached skill level 1 in Throwing
   881 | D:1      | 881 ||| UPGRADING to +1 hat.
   886 | D:1      | 886 ||| READING scroll labelled FODIOG PASHREJ.
   887 | D:1      | 887 ||| READING scroll labelled JAQUIF WAHY.
   888 | D:1      | 888 ||| READING scroll labelled HYRUHUUQUTS.
   889 | D:1      | 889 ||| READING scroll labelled RUUNKY BATEU.
   890 | D:1      | 890 ||| READING scroll labelled TEIMUY AH PEID.
   891 | D:1      | 891 ||| DRINKING 2 amethyst potions.
   892 | D:1      | 892 ||| DRINKING 2 silvery potions.
   893 | D:1      | 893 ||| DROPPING potion of flight.
   904 | D:2      | Reached skill level 4 in Unarmed Combat
   904 | D:2      | Reached XP level 3. HP: 36/36 MP: 3/3
  1069 | D:2      | Identified the +2 leather armour of Divine Intervention
                  | {rPois Str-3 Dex+4 Stlth+}
  1284 | D:2      | 1284 ||| Stepping ~*~*~tactically~*~*~ (stealth).
  1288 | D:2      | 1288 ||| Stepping ~*~*~tactically~*~*~ (stealth).
  1289 | D:2      | 1289 ||| Stepping ~*~*~tactically~*~*~ (stealth).
  1292 | D:2      | Reached XP level 4. HP: 44/44 MP: 4/4
  1509 | D:2      | 1509 ||| READING scroll labelled BUNAJIEGGE.
  1560 | D:3      | 1560 ||| PLANNING SEWER
  1620 | D:3      | 1620 ||| READING scroll of enchant armour.
  1620 | D:3      | 1620 ||| ENCHANTING +1 hat.
  1648 | D:3      | 1648 ||| Stepping ~*~*~tactically~*~*~ (stealth).
  1657 | D:3      | 1657 ||| Stepping ~*~*~tactically~*~*~ (stealth).
  1658 | D:3      | 1658 ||| Stepping ~*~*~tactically~*~*~ (stealth).
  1666 | D:3      | Reached skill level 5 in Unarmed Combat
  1815 | D:3      | 1815 ||| Stepping ~*~*~tactically~*~*~ (hiding).
  1816 | D:3      | 1816 ||| Stepping ~*~*~tactically~*~*~ (hiding).
  1820 | D:3      | 1820 ||| INVOKING Fiery Armour.
  2070 | D:3      | Reached XP level 5. HP: 50/50 MP: 5/5
  2096 | D:3      | Found a basalt altar of Yredelemnul.
  2163 | D:3      | 2163 ||| RIP SEWER
  2233 | D:3      | 2233 ||| PLANNING D:1-11
  2301 | D:3      | Reached skill level 6 in Unarmed Combat
  2302 | D:3      | 2302 ||| Stepping ~*~*~tactically~*~*~ (outnumbered).
  2303 | D:3      | 2303 ||| Stepping ~*~*~tactically~*~*~ (outnumbered).
  2304 | D:3      | 2304 ||| Stepping ~*~*~tactically~*~*~ (outnumbered).
  2337 | D:3      | 2337 ||| Stepping ~*~*~tactically~*~*~ (stealth).
  2338 | D:3      | 2338 ||| Stepping ~*~*~tactically~*~*~ (stealth).
  2340 | D:3      | 2340 ||| Stepping ~*~*~tactically~*~*~ (stealth).
  2346 | D:3      | 2346 ||| Stepping ~*~*~tactically~*~*~ (stealth).
  2353 | D:3      | 2353 ||| Stepping ~*~*~tactically~*~*~ (stealth).
  2394 | D:3      | Noticed Ijyb
  2400 | D:3      | Killed Ijyb
  2647 | D:3      | 2647 ||| READING scroll labelled FEWIQO KEUB.
  2648 | D:3      | 2648 ||| READING scroll labelled FODDUPRUGI.
  2652 | D:3      | 2652 ||| READING 2 scrolls of identify.
  2652 | D:3      | 2652 ||| IDENTIFYING murky purple potion
  2688 | D:4      | 2688 ||| STAIRDANCE
  2694 | D:4      | 2694 ||| STAIRDANCE
  2696 | D:3      | 2696 ||| Stepping ~*~*~tactically~*~*~ (outnumbered).
  2697 | D:3      | 2697 ||| Stepping ~*~*~tactically~*~*~ (outnumbered).
  2698 | D:3      | 2698 ||| Stepping ~*~*~tactically~*~*~ (outnumbered).
  2803 | D:4      | Reached XP level 6. HP: 52/59 MP: 6/6
  2885 | D:4      | 2885 ||| Stepping ~*~*~tactically~*~*~ (stealth).
  2930 | D:4      | 2930 ||| Stepping ~*~*~tactically~*~*~ (stealth).
  2935 | D:4      | 2935 ||| Stepping ~*~*~tactically~*~*~ (stealth).
  2941 | D:4      | 2941 ||| Stepping ~*~*~tactically~*~*~ (outnumbered).
  3123 | D:4      | Reached skill level 7 in Unarmed Combat
  3267 | D:4      | 3267 ||| Stepping ~*~*~tactically~*~*~ (hiding).
  3273 | D:4      | 3273 ||| INVOKING Fiery Armour.
  3277 | D:4      | 3277 ||| Stepping ~*~*~tactically~*~*~ (hiding).
  3338 | D:4      | Found a hazy altar of Hepliaklqana.
  3425 | D:4      | 3425 ||| READING scroll labelled GADUPT HULU.
  3426 | D:4      | 3426 ||| READING scroll labelled SUN XEUHUM.
  3427 | D:4      | 3427 ||| READING 3 scrolls of identify.
  3427 | D:4      | 3427 ||| IDENTIFYING smoky sapphire potion
  3428 | D:4      | 3428 ||| READING 2 scrolls of identify.
  3428 | D:4      | 3428 ||| IDENTIFYING emerald potion
  3470 | D:5      | Entered Level 5 of the Dungeon
  3477 | D:5      | 3477 ||| Stepping ~*~*~tactically~*~*~ (hiding).
  3479 | D:5      | 3479 ||| Stepping ~*~*~tactically~*~*~ (hiding).
  3480 | D:5      | 3480 ||| Stepping ~*~*~tactically~*~*~ (hiding).
  3503 | D:5      | 3503 ||| Stepping ~*~*~tactically~*~*~ (stealth).
  3504 | D:5      | 3504 ||| Stepping ~*~*~tactically~*~*~ (stealth).
  3516 | D:5      | Reached XP level 7. HP: 56/64 MP: 7/7
  3528 | D:5      | Found an iron altar of Okawaru.
  3529 | D:5      | Found an ancient bone altar of Kikubaaqudgha.
  3529 | D:5      | Found a white marble altar of Elyvilon.
  3533 | D:5      | Found a shadowy altar of Dithmenos.
  3677 | D:5      | Found a burning altar of Makhleb.
  3741 | D:5      | Reached skill level 8 in Unarmed Combat
  3883 | D:5      | 3883 ||| Stepping ~*~*~tactically~*~*~ (stealth).
  3913 | D:5      | Reached skill level 3 in Fighting
  3913 | D:5      | Found a glowing golden altar of the Shining One.
  3962 | D:5      | Found a staircase to the Ecumenical Temple.
  4174 | D:5      | 4174 ||| Stepping ~*~*~tactically~*~*~ (stealth).
  4175 | D:5      | 4175 ||| INVOKING Fiery Armour.
  4176 | D:5      | 4176 ||| Stepping ~*~*~tactically~*~*~ (stealth).
  4184 | D:5      | Reached skill level 3 in Throwing
  4192 | D:5      | HP: 14/67 [gnoll/+2 spear of venom (3)]
  4193 | D:5      | 4193 ||| READING 2 scrolls of teleportation.
  4193 | D:5      | HP: 4/67 [gnoll/+2 spear of venom (4)]
  4194 | D:5      | 4194 ||| DRINKING potion of heal wounds.
  4197 | D:5      | 4197 ||| DRINKING 3 potions of curing.
  4197 | D:5      | 4197 ||| (to cure poison)
  4327 | D:5      | Reached XP level 8. HP: 75/75 MP: 8/8
  4333 | D:5      | Reached skill level 9 in Unarmed Combat
  4339 | D:5      | Identified the +4 ring mail "Notuk" {rCorr}
  4358 | D:5      | 4358 ||| Stepping ~*~*~tactically~*~*~ (hiding).
  4359 | D:5      | 4359 ||| Stepping ~*~*~tactically~*~*~ (hiding).
  4399 | D:5      | Reached skill level 1 in Dodging
  4401 | D:5      | 4401 ||| READING 2 scrolls of identify.
  4401 | D:5      | 4401 ||| IDENTIFYING fuming white potion
  4402 | D:5      | 4402 ||| DROPPING potion of magic.
  4417 | D:6      | Noticed Blork the orc
  4418 | D:6      | 4418 ||| STAIRDANCE
  4423 | D:5      | Killed Blork the orc
  4438 | D:6      | 4438 ||| Stepping ~*~*~tactically~*~*~ (hiding).
  4460 | D:6      | 4460 ||| INVOKING Fiery Armour.
  4521 | D:6      | Found an opulent altar of Gozag.
  4553 | D:6      | Reached skill level 10 in Unarmed Combat
  4666 | D:6      | Found Dimoch's Antique Weapon Emporium.
  4678 | D:6      | Noticed Menkaure
  4690 | D:6      | 4690 ||| INVOKING Fiery Armour.
  4691 | D:6      | Killed Menkaure
  4813 | D:6      | Found a glowing silver altar of Zin.
  4972 | D:6      | 4972 ||| Stepping ~*~*~tactically~*~*~ (outnumbered).
  4973 | D:6      | 4973 ||| Stepping ~*~*~tactically~*~*~ (outnumbered).
  4974 | D:6      | 4974 ||| Stepping ~*~*~tactically~*~*~ (outnumbered).
  4975 | D:6      | 4975 ||| Stepping ~*~*~tactically~*~*~ (outnumbered).
  4978 | D:6      | 4978 ||| Stepping ~*~*~tactically~*~*~ (outnumbered).
  5047 | D:6      | Noticed Pikel
  5063 | D:6      | Killed Pikel
  5064 | D:6      | Reached skill level 11 in Unarmed Combat
  5064 | D:6      | Reached XP level 9. HP: 64/84 MP: 9/9
  5210 | D:6      | 5210 ||| READING 2 scrolls labelled FIGO TEUSHRU.
  5211 | D:6      | 5211 ||| READING scroll labelled FAUXYA XANUO.
  5212 | D:6      | 5212 ||| READING 4 scrolls of identify.
  5212 | D:6      | 5212 ||| IDENTIFYING bubbling coppery potion
  5213 | D:6      | 5213 ||| DROPPING scroll of poison.
  5214 | D:6      | 5214 ||| READING scroll of teleportation.
  5245 | D:7      | 5245 ||| Stepping ~*~*~tactically~*~*~ (hiding).
  5250 | D:7      | 5250 ||| Stepping ~*~*~tactically~*~*~ (stealth).
  5259 | D:7      | 5259 ||| Stepping ~*~*~tactically~*~*~ (stealth).
  5260 | D:7      | 5260 ||| Stepping ~*~*~tactically~*~*~ (stealth).
  5265 | D:7      | 5265 ||| Stepping ~*~*~tactically~*~*~ (outnumbered).
  5266 | D:7      | 5266 ||| Stepping ~*~*~tactically~*~*~ (outnumbered).
  5267 | D:7      | 5267 ||| Stepping ~*~*~tactically~*~*~ (outnumbered).
  5268 | D:7      | 5268 ||| Stepping ~*~*~tactically~*~*~ (outnumbered).
  5269 | D:7      | 5269 ||| Stepping ~*~*~tactically~*~*~ (outnumbered).
  5270 | D:7      | 5270 ||| Stepping ~*~*~tactically~*~*~ (outnumbered).
  5381 | D:7      | Found a flagged portal.
  5494 | D:7      | 5494 ||| INVOKING Fiery Armour.
  5523 | D:7      | Reached skill level 12 in Unarmed Combat
  5654 | D:7      | Found a snail-covered altar of Cheibriados.
  5746 | D:7      | 5746 ||| Stepping ~*~*~tactically~*~*~ (stealth).
  5761 | D:7      | HP: 16/84 [something (16)]
  5762 | D:7      | Slain by an orc warrior

Levels and vault maps discovered:
D:1:      dpeg_arrival_rooms_c, layout_loops_ring,
          shapermc_ecumenical_altar_acropolis
D:2:      layout_loops_ring
D:3:      layout_loops_corners, nicolae_yredelemnul_corpse_copse,
          gup_sewer_entry_pipe, corexii_hall_statues_deadend, uniq_ijyb
D:4:      layout_loops_ring, lemuel_round_altar
D:5:      minmay_bubble_buster, layout_loops_ring, makhleb_grotto_becter,
          mainiacjoe_overflow_chevrons, minitemple, temple_pool_b,
          corexii_checkpoint_a
D:6:      layout_loops_ring, mainiacjoe_overflow_brackets,
          nicolae_gozag_cash_rules_everything_around_me, serial_shops,
          nicolae_shop_statue_plus, uniq_pikel, uniq_blork_the_orc,
          uniq_menkaure
D:7:      layout_loops_ring, mainiacjoe_overflow_24_doors, enter_bailey_5,
          serial_demonic, serial_demonic_d, serial_demonic_d, serial_demonic_b,
          serial_demonic_a

Skill      XL: |  1  2  3  4  5  6  7  8  9 |
---------------+----------------------------+-----
Throwing       | 1 2 3 4 |  4.1
Unarmed Combat | 4 5 6 7 8 11 12 | 12.0
Fighting       | 3 4 |  4.2
Dodging        | 1 |  1.3
Spellcasting   | |  1.0
Fire Magic     | |  2.1

Action                   |  1- 3 |  4- 6 |  7- 9 || total
-------------------------+-------+-------+-------++-------
Melee: Unarmed           |    59 |   155 |   214 ||   428
       Punch             |       |     4 |     6 ||    10
Throw: Large rock        |    22 |    30 |    18 ||    70
       Boomerang         |     3 |    14 |    35 ||    52
Invok: Fiery Armour      |       |     2 |     4 ||     6
  Use: Scroll            |     5 |     9 |     6 ||    20
       Potion            |     2 |       |     2 ||     4
Armor: Robe              |    23 |    38 |    77 ||   138
Dodge: Dodged            |    21 |    61 |    89 ||   171

Table legend:
 A = Non-vault XP
 B = Vault XP
 C = Vault XP percentage of total XP
 D = Non-vault monster count
 E = Vault monster count
 F = Vault count percentage of total count
                 A         B        C        D         E       F
            +---------+---------+-------+---------+---------+-------
      Total |    2808 |    1584 |  36.1 |     130 |      41 |  24.0
            +---------+---------+-------+---------+---------+-------
        D:1 |      38 |       0 |   0.0 |      20 |       0 |   0.0
        D:2 |      63 |       0 |   0.0 |      16 |       0 |   0.0
        D:3 |     183 |      88 |  32.5 |      28 |      13 |  31.7
        D:4 |     283 |       0 |   0.0 |      20 |       0 |   0.0
        D:5 |     531 |     532 |  50.0 |      18 |      12 |  40.0
        D:6 |     662 |     826 |  55.5 |      10 |       2 |  16.7
        D:7 |    1048 |     138 |  11.6 |      18 |      14 |  43.8
            +---------+---------+-------+---------+---------+-------
